 Dungeon Crawl Stone Soup version 0.30-a0-12-gd8047c6341 (webtiles) character file.

Game seed: 15961760533059163793

84 NinjaNoafa the Magician (level 4, -5/32 HPs)
             Began as a Palentonga Hedge Wizard on Aug 23, 2022.
             Slain by Sigmund
             ... wielding a +0 scythe
              (11 damage)
             ... on level 3 of the Dungeon.
             The game lasted 00:06:57 (2393 turns).

NinjaNoafa the Magician (Palentonga Hedge Wizard)   Turns: 2393, Time: 00:06:58

Health: -5/32      AC:  4    Str: 15    XL:     4   Next: 23%
Magic:  5/8        EV:  9    Int: 17    God:
Gold:   161        SH:  0    Dex:  9    Spells: 8/9 levels left

rFire   . . .      SeeInvis +    v - +0 dagger (vamp)
rCold   + . .      Faith    .    (no shield)
rNeg    . . .      Spirit   .    b - +0 robe
rPois   .          Reflect  .    c - +0 hat
rElec   .          Harm     .    (no cloak)
rCorr   .          Rampage  .    (no gloves)
Will    .....                    (no barding)
Stlth   +.........               (no amulet)
HPRegen 0.10/turn                e - +4 ring of slaying
MPRegen 0.11/turn                a - ring of protection from cold

@: no status effects
A: large, rugged brown scales 3, see invisible, deformed body, roll 1, armoured
tail
a: Rolling Charge


You were on level 3 of the Dungeon.
You visited 1 branch of the dungeon, and saw 3 of its levels.

You collected 161 gold pieces.

Inventory:

Hand Weapons
 v - a +0 vampiric dagger (weapon)
Missiles
 h - 14 stones
 k - 10 poisoned darts
 r - 6 boomerangs of dispersal
Armour
 b - a +0 robe (worn)
 c - a +0 hat (worn)
Jewellery
 a - a ring of protection from cold (right hand)
 e - a +4 ring of slaying (left hand)
 i - a +6 ring of strength
Wands
 t - a wand of digging (9)
Scrolls
 j - a scroll of silence {unknown}
 m - a scroll of teleportation {unknown}
 q - a scroll of identify {unknown}
 u - a scroll of enchant weapon {unknown}
Potions
 d - a potion of magic
 f - 3 potions of curing
 l - a potion of attraction {unknown}
 n - a potion of berserk rage {unknown}
 o - 2 potions of haste {unknown}
 p - 2 potions of brilliance {unknown}
 s - 2 potions of resistance {unknown}


   Skills:
 - Level 1.5 Dodging
 - Level 1.2 Stealth
 - Level 3.0 Spellcasting
 - Level 3.0 Conjurations
 - Level 0.7 Summonings
 + Level 2.6 Translocations


You had 8 spell levels left.
You knew the following spells:

 Your Spells              Type           Power      Damage    Failure   Level
a - Magic Dart            Conj           48%        1d5       4%          1

Your spell library contained the following spells:

 Spells                   Type           Power      Damage    Failure   Level
 Blink                    Tloc           22%        N/A       9%          2
 Summon Small Mammal      Summ           20%        N/A       13%         1
 Slow                     Hex            8%         N/A       17%         1
 Gell's Gravitas          Tloc           11%        N/A       19%         3
 Teleport Other           Tloc           11%        N/A       19%         3
 Call Imp                 Summ           5%         N/A       21%         2
 Conjure Flame            Conj/Fire      7%         6-21      28%         3
 Mephitic Cloud           Conj/Pois/Air  5%         N/A       34%         3
 Call Canine Familiar     Summ           5%         N/A       36%         3
 Summon Guardian Golem    Hex/Summ       3%         N/A       41%         3
 Dispersal                Tloc           5%         N/A       100%        6


Dungeon Overview and Level Annotations

Branches:
Dungeon (3/15)

Altars:

Shops:
D:2 :

Annotations:
D:3 Sigmund


Innate Abilities, Weirdness & Mutations

You are completely covered in rugged brown scales. (AC +3, +7% HP)
You have supernaturally acute eyesight. (SInv)
Armour fits poorly on your strangely shaped body.
You can roll at nearby foes to attack.
You have a long armoured tail.


Message History

Okay, then.
The orc hits you but does no damage.
Things that are here:
a +0 dagger; a +0 robe; an orc corpse You hit the orc but do no damage.
You tail-slap the orc.
The orc is lightly wounded.
The orc hits you with a +0 club. The orc hits you but does no damage.
The orc hits you with a +0 war axe. Sigmund closely misses you.
You hit Sigmund but do no damage.
Your tail-slap misses Sigmund.
The orc hits you with a +0 war axe. The orc barely misses you.
The orc closely misses you. The orc hits you with a +0 club.
Casting: Magic Dart (safe; 4% risk of failure)
Confirm with . or Enter, or press ? or * to list all spells.
Aiming: Magic Dart (safe; 4% risk of failure)
Press: ? - help, Shift-Dir - straight line, f - orc
Aim: an orc, wielding a +0 war axe (100% to hit)
The magic dart hits the orc.
The orc is heavily wounded.
Sigmund hits you with a +0 scythe.
A worm comes into view.
The orc hits you with a +0 war axe. The orc hits you but does no damage. x2
The orc hits you with a +0 club.
You barely miss the orc.
The orc is heavily wounded.
The orc hits you but does no damage. The orc hits you with a +0 club. x2
The orc barely misses you. Sigmund hits you with a +0 scythe.
It was a potion of curing.
You feel better. The orc barely misses you. The orc completely misses you.
The orc hits you with a +0 war axe. The orc hits you with a +0 club.
Sigmund closely misses you. The orc barely misses you. x2
Things that are here:
a +0 dagger; a +0 robe; an orc corpse
Okay, then.
As you read the scroll labelled UTWYKLIABI, it crumbles to dust.
The creatures around you are filled with an inner flame!
It was a scroll of immolation.
The orc hits you but does no damage. The orc hits you with a +0 club. x2
* * * LOW HITPOINT WARNING * * *
Sigmund hits you from afar with a +0 scythe!
You die...

##### #...#
###...#####
#.......#<#
#...o...#.#
#...o@....#
###.oo##..#
#...@.##..#
...8...w###....
........#
#+####
####.....
#..... #[#...
#.#....


You could see Sigmund (inner flame), a worm (inner flame) and 4 orcs.

Vanquished Creatures
  An orc wizard (D:3)
  2 adders (D:2)
  2 dart slugs (D:1)
  4 bats
  An endoplasm (D:2)
  2 giant cockroaches
  4 goblins
  3 jackals (D:1)
  A quokka (D:1)
  5 ball pythons (D:1)
  A frilled lizard (D:2)
  7 kobolds
  3 rats
36 creatures vanquished.

Notes
Turn   | Place    | Note
-------+----------+-------------------------------------------
     0 | D:1      | NinjaNoafa the Palentonga Hedge Wizard began the quest for
                  | the Orb.
     0 | D:1      | Reached XP level 1. HP: 13/13 MP: 4/4
    38 | D:1      | Reached skill level 1 in Conjurations
   117 | D:1      | Reached XP level 2. HP: 7/20 MP: 1/6
   823 | D:1      | Found a faded altar of an unknown god.
  1287 | D:2      | Reached XP level 3. HP: 14/25 MP: 7/7
  1661 | D:2      | Found Qiuhiro's Book Shop.
  2383 | D:3      | Noticed Sigmund
  2385 | D:3      | Reached XP level 4. HP: 32/32 MP: 5/8
  2393 | D:3      | Slain by Sigmund

Illustrated notes

Levels and vault maps discovered:
D:1:      dpeg_arrival_tiny_i, layout_basic,
          shapermc_ecumenical_altar_mp_ritualfount, hangedman_decor_points
D:2:      layout_basic, serial_shops, shop, grunt_ministairs_9
D:3:      layout_basic, gup_sewer_entry_glass, biasface_ghost_orc_armoury,
          uniq_sigmund, uniq_terence

Skill      XL: |  1  2  3 |
---------------+----------+-----
Conjurations   | 2 3 |  3.0
Translocations | 2 |  2.6
Dodging        | |  1.5
Stealth        | |  1.2
Spellcasting   | |  3.0
Summonings     | |  0.7

Action                   |  1- 3 |  4- 6 || total
-------------------------+-------+-------++-------
Melee: Dagger            |    21 |     3 ||    24
       Rapier            |    18 |       ||    18
       Tailslap          |     4 |     1 ||     5
 Cast: Magic Dart        |    48 |     1 ||    49
 Abil: Rolling Charge    |    14 |       ||    14
  Use: Scroll            |       |     1 ||     1
       Potion            |       |     1 ||     1
Armor: Robe              |    17 |     6 ||    23
Dodge: Dodged            |    28 |     9 ||    37

Table legend: (Time is in decaauts)
 A = Elapsed time spent in this place.
 B = Non-inter-level travel time spent in this place.
 C = Inter-level travel time spent in this place.
 D = Time resting spent in this place.
 E = Time spent auto-exploring this place.
 F = Levels seen in this place.
 G = Mean time per level.
                   A        B        C        D        E       F      G
               +--------+--------+--------+--------+--------+-----+--------+
         Total |   2392 |   2310 |     82 |      5 |   2060 |   3 |  797.3 |
       Dungeon |   2392 |   2310 |     82 |      5 |   2060 |   3 |  797.3 |
               +--------+--------+--------+--------+--------+-----+--------+

Top non-repeatable levels by time:
     D:1: 1272 daAuts
     D:2: 1103 daAuts
     D:3: 15 daAuts
